 Dungeon Crawl Stone Soup version 0.18-a0-1514-g6ed9364 (webtiles) character file.

243787 CragHack the Executioner (level 18, -6/179 (180) HPs)
             Began as a Minotaur Berserker on Feb 28, 2016.
             Was the Champion of Trog.
             Mangled by an azure jelly (10 damage)
             ... created by the Royal Jelly
             ... on level 6 of the Pits of Slime on Mar 6, 2016.
             The game lasted 05:55:13 (27186 turns).

CragHack the Executioner (Minotaur Berserker)      Turns: 27186, Time: 05:55:13

HP:   -6/179 (180)  AC: 19    Str: 36    XL:     18   Next: 71%
MP:   9/9           EV:  8    Int:  4    God:    Trog [******]
Gold: 2610          SH:  0    Dex: 14    Spells: 0 memorised, 17 levels left

rFire  + + .     SeeInvis .     Z - +9 executioner's axe (elec)
rCold  + + .     Gourm    .     r - +2 plate armour of Optimism {rC+ MP-9 Str+7 Dex+3}
rNeg   + + .     Faith    +     (shield currently unavailable)
rPois  +         Spirit   .     i - -2 hat of the Alchemist {rElec rPois rF+ rC+ rN+ MR+ rMut rCorr}
rElec  +         Dismiss  .     j - +2 cloak
rCorr  +         Reflect  .     N - +2 pair of gloves
rMut   +         Harm     .     f - +2 pair of boots
SustAt .         Rnd*Rage +     P - amulet of faith
MR     +++..                    J - ring of poison resistance
Stlth  ..........               H - ring of positive energy

@: corroded equipment, extremely resistant to hostile enchantments, extremely
unstealthy
A: retaliatory headbutt, horns 2, berserk 1, fire resistance 1, magic resistance
1, mutation resistance 1
a: Berserk, Trog's Hand, Brothers in Arms, Burn Spellbooks, Renounce Religion
}: 2/15 runes: decaying, gossamer


You were on level 6 of the Pits of Slime.
You worshipped Trog.
Trog was exalted by your worship.
You were not hungry.

You visited 8 branches of the dungeon, and saw 41 of its levels.
You visited the Abyss 1 time.
You also visited: Bailey.

You collected 3135 gold pieces.
You spent 525 gold pieces at shops.

Inventory:

Hand Weapons
 E - the +4 great sword of Hean {antimagic, rElec}
   (Trog gifted it to you on level 2 of the Orcish Mines)

   It disrupts the flow of magical energy around spellcasters and certain
   magical creatures (including the wielder).
   It insulates you from electricity.
 U - a +3 triple sword of slicing
 Y - a +1 demon blade of venom
 Z - a +9 executioner's axe of electrocution (weapon)
Missiles
 v - 15 poisoned javelins
 x - 12 javelins of penetration
 S - 5 tomahawks of returning (quivered)
Armour
 f - a +2 pair of boots (worn)
 i - the -2 hat of the Alchemist (worn) {rElec rPois rF+ rC+ rN+ MR+ rMut rCorr}
   (You found it on level 8 of the Dungeon)

   It protects you from fire.
   It protects you from cold.
   It insulates you from electricity.
   It protects you from poison.
   It protects you from negative energy.
   It affects your resistance to hostile enchantments.
   It protects you from acid and corrosion.
   It protects you from mutation.
 j - a +2 cloak (worn)
 r - the +2 plate armour of Optimism (worn) {rC+ MP-9 Str+7 Dex+3}
   (You found it on level 9 of the Dungeon)

   It affects your strength (+7).
   It affects your dexterity (+3).
   It protects you from cold.
   It affects your magic capacity (-9).
 F - a +1 gold dragon armour
 N - a +2 pair of gloves (worn)
Jewellery
 C - an uncursed ring of fire
 H - a ring of positive energy (left hand)
 I - an uncursed ring of protection from cold
 J - a ring of poison resistance (right hand)
 P - an amulet of faith (around neck)
 X - an uncursed ring of see invisible
Wands
 e - a wand of hasting (5/9)
 k - a wand of digging (18/24)
 p - a wand of confusion (24/48)
 s - a wand of lightning (3/15)
 w - a wand of acid (4/15)
 Q - a wand of acid (5/15)
 R - a wand of disintegration (3/24)
Scrolls
 b - 9 scrolls of teleportation
 m - 2 scrolls of magic mapping
 y - 5 scrolls of enchant weapon
 B - a scroll of fear
 G - 2 scrolls of fog
 K - 3 scrolls of holy word
 M - 5 scrolls of remove curse
 V - a scroll of blinking
 W - a scroll of recharging
Potions
 d - 2 potions of invisibility
 l - 3 potions of curing
 n - a potion of haste
 o - a potion of magic
 q - a potion of resistance
 u - 6 potions of heal wounds
 z - 3 potions of flight
 D - a potion of cancellation
 L - 3 potions of cure mutation
 T - 4 potions of might
Books
 O - a Necronomicon

   Spells                             Type                      Level
   a - Haunt                          Necromancy/Summoning         7
   b - Borgnjor's Revivification      Necromancy                   8
   c - Death's Door                   Charms/Necromancy            8
   d - Necromutation                  Transmutation/Necromancy     8
   Trog disapproves of the use of such an item.
Miscellaneous
 a - an ornate deck of destruction {Vitriol}
Comestibles
 c - 8 bread rations
 g - 31 fruits
 h - 10 meat rations


   Skills:
 * Level 20.9 Fighting
 + Level 12.5 Long Blades
 * Level 21.6 Axes
 + Level 7.5 Throwing
 + Level 15.1 Armour
 + Level 8.4 Dodging
 + Level 2.6 Stealth
   Level 3.4 Shields
 + Level 1.5 Invocations


You had 17 spell levels left.
You didn't know any spells.

Dungeon Overview and Level Annotations

Branches:
Dungeon (15/15)            Temple (1/1) D:5            Lair (8/8) D:9
  Swamp (4/4) Lair:6       Spider (4/4) Lair:3        Slime (6/6) Lair:7
    Orc (2/2) D:12            Elf (0/3) Orc:2        Vaults (0/5) D:13
 Depths (1/5) D:15

Altars:
Ashenzari
Cheibriados
Dithmenos
Elyvilon
Fedhas
Gozag
Kikubaaqudgha
Makhleb
Nemelex Xobeh
Okawaru
Pakellas
Qazlal
Ru
Sif Muna
Trog
Vehumet
Xom
Yredelemnul
Zin
The Shining One
Jiyva

Shops:
D:6 [   D:8 %   D:14 :*=!   Orc:2 =(*[

Annotations:
Slime:6 Royal Jelly


Innate Abilities, Weirdness & Mutations

You reflexively headbutt those who attack you in melee.
You have a pair of horns on your head.
You tend to lose your temper in combat.
Your flesh is heat resistant.
You are resistant to hostile enchantments.
You are somewhat resistant to further mutation.


Message History

The Royal Jelly shudders alarmingly.
The Royal Jelly spits out ten more jellies.
The Royal Jelly hits you!!
* * * LOW HITPOINT WARNING * * *
You are splashed with acid!
The acid corrodes you!
The acid burns!
You resist.
* * * LOW HITPOINT WARNING * * *
The Royal Jelly hits you!
* * * LOW HITPOINT WARNING * * *
You are splashed with acid!
The acid burns!
You resist.
* * * LOW HITPOINT WARNING * * *
The Royal Jelly hits you!!
* * * LOW HITPOINT WARNING * * *
You are splashed with acid!
The acid burns!
You resist.
* * * LOW HITPOINT WARNING * * *
The Royal Jelly hits you but does no damage.
The azure jelly hits you but does no damage.
The azure jelly hits you!
* * * LOW HITPOINT WARNING * * *
The azure jelly freezes you! You resist.
You die...

###### ###.#.. ### #.....###.###
# ##.....JJJ.#.#### ##.
##......JJJJ..#..# ###
#..####.......@JJJ.....###.##
##...............J...........##
##.............................#
...............................##
.................................
.................................
.................................
.................................
.................................


You could see the Royal Jelly, 3 acid blobs, 4 azure jellies and 3 death oozes.

Vanquished Creatures
  11 acid blobs
  3 thorn hunters
  7 azure jellies
  Maud (Lair:3)
  A ghost moth (Spider:4)
  2 orc warlords
  Aizul (Swamp:3)
  2 emperor scorpions (Spider:4)
  The ghost of Potsanchik the Zephyrmancer, a journeyman HEAE of Makhleb (Orc:2)
  Azrael (Orc:2)
  A spark wasp (Spider:4)
  A death ooze (Slime:5)
  Josephine (Orc:2)
  Erolcha (D:9)
  3 great orbs of eyes
  Fannar (Lair:1)
  2 ice dragons (D:15)
  20 hydras
  4 ghost crabs
  The ghost of Emanloe the Nimble, a journeyman GrBe of Trog (D:12)
  8 alligators
  A centaur warrior (D:15)
  Erica (D:8)
  4 death yaks
  The ghost of Yendor the Covert, a journeyman VSEn of Sif Muna (Lair:2)
  A tengu warrior (D:15)
  2 ogre magi
  Urug (Orc:1)
  2 orc high priests (Orc:2)
  A wretched star (Abyss:1)
  3 unseen horrors
  A spriggan druid (Swamp:4)
  A shambling mangrove (Swamp:1)
  5 swamp dragons
  A giant orange brain (Slime:6)
  3 hill giants
  A harpy (shapeshifter) (D:13)
  4 orc knights (Orc:2)
  4 orc sorcerers (Orc:2)
  9 orb spiders
  5 shining eyes
  6 ugly things
  A griffon (Lair:6)
  10 wolf spiders
  5 cyclopes
  2 manticores
  A moth of wrath (Spider:4)
  5 hornets
  A manticore (shapeshifter) (D:13)
  18 elephants
  An eye of devastation (Slime:5)
  Maurice (Orc:2)
  2 molten gargoyles (D:9)
  5 black mambas
  20 spiny frogs
  2 gargoyles (D:14)
  3 rime drakes
  13 komodo dragons
  4 demonic crawlers (Spider:4)
  A freezing wraith (D:14)
  2 efreet
  13 jumping spiders (Spider:4)
  7 giant leeches
  9 trolls
  Grinder (D:4)
  33 blink frogs
  78 slime creatures
  5 bog bodies
  7 two-headed ogres
  4 boulder beetles (Lair:7)
  3 spriggans
  32 redbacks
  3 wraiths (Orc:2)
  9 tarantellas
  35 yaks
  3 wyverns
  3 fire elementals (Orc:2)
  3 hungry ghosts
  2 basilisks
  15 golden eyes
  18 vampire mosquitoes
  12 hippogriffs
  A mottled dragon (D:15)
  13 wolves
  11 swamp worms
  6 wargs
  2 insubstantial wisps (Swamp:2)
  15 water moccasins
  5 hell hounds
  Purgy (D:3)
  8 porcupines
  7 swamp drakes
  26 orc warriors
  3 ice beasts
  2 phantoms
  9 eyes of draining
  4 sky beasts
  6 wasps
  4 black bears
  An ogre (shapeshifter) (D:13)
  16 ogres
  2 boggarts (D:15)
  2 necrophages
  4 centaurs
  12 crocodiles
  Blork the orc (D:5)
  4 big kobolds
  2 gnoll sergeants
  19 giant frogs
  A water moccasin zombie (D:5)
  A wyvern skeleton (D:14)
  A scorpion (Lair:4)
  9 wights
  3 electric eels
  6 crimson imps
  A centaur zombie (D:10)
  2 giant frog zombies
  6 hounds
  21 jellies
  3 giant frog skeletons
  11 iguanas
  6 centaur skeletons
  16 orc priests
  Ijyb (D:2)
  19 orc wizards
  4 hell rats
  8 worker ants
  16 sheep
  2 hound zombies
  A hound skeleton (D:7)
  16 gnolls
  A worker ant zombie (D:8)
  12 adders
  12 river rats
  A shadow imp (D:12)
  2 oozes
  An adder zombie (D:7)
  2 adder skeletons
  2 worms
  7 dart slugs
  5 giant geckos
  70 orcs
  8 bats
  9 giant cockroaches
  22 goblins
  12 hobgoblins
  8 jackals
  37 kobolds
  3 quokkas
  A ball python (D:1)
  2 giant gecko skeletons
  4 giant newts
  A jackal skeleton (D:8)
  A quokka zombie (D:5)
  6 rats
  14 briar patches
  2 bushes
  12 fungi
  10 plants
1129 creatures vanquished.

Vanquished Creatures (collateral kills)
  Gastronok (Lair:1)
  A spark wasp (Spider:4)
  Harold (Lair:1)
  10 hydras
  A spriggan berserker (Swamp:4)
  Nergalle (D:12)
  Sonja (Lair:1)
  2 swamp dragons
  2 shambling mangroves (Swamp:4)
  An orc knight (Orc:2)
  3 orb spiders (Spider:4)
  A moth of wrath (Spider:4)
  2 molten gargoyles (D:9)
  A spiny frog (shapeshifter) (Spider:4)
  A demonic crawler (Spider:4)
  A troll (Orc:2)
  A jumping spider (Spider:4)
  A redback (Spider:4)
  2 vampire mosquitoes (Swamp:3)
  A warg (Orc:2)
  A swamp worm (Swamp:4)
  2 swamp drakes (Swamp:4)
  A wasp (Swamp:4)
39 creatures vanquished.

Vanquished Creatures (others)
  A sphinx (D:10)
  A komodo dragon (Swamp:2)
  A jumping spider (Spider:4)
  A bog body (Swamp:3)
  A spriggan (Swamp:2)
  A wraith (Orc:2)
  2 boggarts (D:15)
  An orc wizard (D:10)
  18 fungi
  11 plants (Lair:8)
38 creatures vanquished.

Grand Total: 1206 creatures vanquished

Notes
Turn   | Place    | Note
--------------------------------------------------------------
     0 | D:1      | CragHack the Minotaur Berserker began the quest for the Orb.
     0 | D:1      | Reached XP level 1. HP: 19/19 MP: 0/0
    69 | D:1      | Reached XP level 2. HP: 27/27 MP: 1/1
   113 | D:1      | Reached skill level 4 in Axes
   302 | D:1      | Reached XP level 3. HP: 30/33 MP: 2/2
   400 | D:1      | Reached ** piety under Trog
   619 | D:2      | Noticed Ijyb
   626 | D:2      | Killed Ijyb
   626 | D:2      | Reached XP level 4. HP: 41/41 MP: 3/3
  1234 | D:3      | Reached skill level 5 in Fighting
  1234 | D:3      | Reached XP level 5. HP: 28/48 MP: 4/4
  1424 | D:3      | Reached *** piety under Trog
  1472 | D:3      | Reached skill level 5 in Axes
  1646 | D:3      | Noticed Purgy
  1653 | D:3      | Killed Purgy
  1653 | D:3      | Reached skill level 1 in Stealth
  1653 | D:3      | Reached XP level 6. HP: 56/56 MP: 5/5
  1977 | D:4      | Noticed Grinder
  1983 | D:4      | Killed Grinder
  1983 | D:4      | Reached skill level 5 in Dodging
  1983 | D:4      | Reached XP level 7. HP: 61/61 MP: 6/6
  2237 | D:4      | Reached **** piety under Trog
  2317 | D:4      | Reached skill level 6 in Axes
  2508 | D:5      | Entered Level 5 of the Dungeon
  2560 | D:5      | Reached skill level 5 in Armour
  2622 | D:5      | Found a burning altar of Makhleb.
  2661 | D:5      | Found a staircase to the Ecumenical Temple.
  2671 | Temple   | Entered the Ecumenical Temple
  2795 | D:5      | Found a sacrificial altar of Ru.
  2933 | D:5      | Found a shattered altar of Ashenzari.
  2975 | D:5      | Noticed Blork the orc
  2987 | D:5      | Killed Blork the orc
  2987 | D:5      | Reached XP level 8. HP: 68/71 MP: 7/7
  3072 | D:5      | Found an iron altar of Okawaru.
  3355 | D:6      | Reached skill level 7 in Axes
  3392 | D:6      | Upgraded the game from 0.18-a0-1433-g1d8109a to 0.18-a0-1436-gfa8758d
  3470 | D:6      | Got an ancient ring mail
  3557 | D:6      | Found Vikkisom's Antique Armour Shoppe.
  3766 | D:6      | Reached ***** piety under Trog
  3938 | D:7      | Reached skill level 8 in Axes
  4132 | D:7      | Identified the +4 ring mail of Gallantry {+Blink Int+4 Dex+4 Slay-4} (You found it on level 6 of the Dungeon)
  4169 | D:7      | Found a stormy altar of Qazlal.
  4503 | D:8      | Reached XP level 9. HP: 75/79 MP: 8/8
  4590 | D:8      | Found Caokhle's Food Boutique.
  4630 | D:8      | Bought a bread ration for 70 gold pieces
  4630 | D:8      | Bought a bread ration for 70 gold pieces
  4641 | D:8      | Noticed Erica
  4650 | D:8      | Killed Erica
  4650 | D:8      | Reached skill level 10 in Axes
  5103 | D:9      | Noticed a molten gargoyle
  5132 | D:9      | Killed a molten gargoyle
  5202 | D:9      | Noticed a molten gargoyle
  5205 | D:9      | Noticed a molten gargoyle
  5235 | D:9      | Killed a molten gargoyle
  5236 | D:9      | Killed a molten gargoyle
  5236 | D:9      | Reached skill level 11 in Axes
  5408 | D:9      | Got a faintly humming plate armour
  5412 | D:9      | Noticed a molten gargoyle
  5430 | D:9      | Killed a molten gargoyle
  5430 | D:9      | Reached XP level 10. HP: 69/91 MP: 9/9
  5580 | D:9      | Identified the +2 plate armour of Optimism {rC+ MP-9 Str+7 Dex+3} (You found it on level 9 of the Dungeon)
  5795 | D:9      | Noticed Erolcha
  5802 | D:9      | Killed Erolcha
  5860 | D:9      | Found a staircase to the Lair.
  6004 | D:10     | Entered Level 10 of the Dungeon
  6023 | D:10     | Reached skill level 1 in Throwing
  6081 | D:9      | Reached skill level 12 in Axes
  6343 | D:10     | Found an oddly glowing altar of Pakellas.
  6344 | D:10     | Noticed a sphinx
  6358 | D:10     | Killed a sphinx
  6677 | D:11     | Reached skill level 10 in Fighting
  6713 | D:11     | Noticed a hill giant
  6725 | D:11     | Received a gift from Trog
  6726 | D:11     | Killed a hill giant
  6726 | D:11     | Reached skill level 10 in Armour
  6808 | D:11     | Noticed a manticore
  6817 | D:11     | Killed a manticore
  7039 | D:11     | Reached XP level 11. HP: 96/100 MP: 1/10
  7229 | D:11     | Reached skill level 13 in Axes
  7457 | D:12     | Received a gift from Trog
  7545 | D:12     | Noticed a brown ugly thing
  7554 | D:12     | Killed a brown ugly thing
  7597 | D:12     | Noticed Nergalle
  7600 | D:12     | Killed Nergalle
  7970 | D:12     | Noticed Emanloe's ghost (journeyman GrBe)
  7993 | D:12     | Killed Emanloe's ghost
  8040 | D:12     | Found a staircase to the Orcish Mines.
  8043 | D:12     | Reached skill level 14 in Axes
  8174 | D:12     | Upgraded the game from 0.18-a0-1436-gfa8758d to 0.18-a0-1471-gbbaf034
  8339 | Lair:1   | Entered Level 1 of the Lair of Beasts
  8558 | Lair:1   | Noticed Gastronok
  8560 | Lair:1   | Noticed Harold
  8565 | Lair:1   | Killed Gastronok
  8570 | Lair:1   | Killed Harold
  8790 | Lair:1   | Noticed Sonja
  8797 | Lair:1   | Cast into level 1 of the Abyss (Sonja)
  8820 | Abyss:1  | Noticed a wretched star
  8832 | Abyss:1  | Found an oddly glowing altar of Pakellas.
  8844 | Abyss:1  | Killed a wretched star
  8845 | Abyss:1  | Reached XP level 12. HP: 106/110 MP: 0/8
  8859 | Lair:1   | Escaped the Abyss
  8863 | Lair:1   | Killed Sonja
  9071 | Lair:1   | Noticed Fannar
  9081 | Lair:1   | Killed Fannar
  9081 | Lair:1   | Reached skill level 15 in Axes
  9179 | Lair:2   | Noticed Yendor's ghost (journeyman VSEn)
  9183 | Lair:2   | Killed Yendor's ghost
  9962 | Lair:3   | Noticed Maud
  9974 | Lair:3   | Killed Maud
  9974 | Lair:3   | Reached skill level 1 in Shields
 10291 | Lair:3   | Found a hole to the Spider Nest.
 10321 | Lair:3   | Got a bone long sword
 10322 | Lair:3   | Identified the +3 long sword "Sitzysil" {flame, rN+ Str+5 Int+3 Stlth+} (You found it on level 3 of the Lair of Beasts)
 10349 | Lair:3   | Reached skill level 16 in Axes
 10422 | Lair:3   | Reached skill level 1 in Long Blades
 10578 | Lair:4   | Found an opulent altar of Gozag.
 10613 | Lair:4   | Identified the Reference Book on Enthralling Unholy Magic
 10872 | Lair:4   | Noticed an eight-headed hydra
 10880 | Lair:4   | Received a gift from Trog
 10880 | Lair:4   | Killed an eight-headed hydra
 10881 | Lair:4   | Upgraded the game from 0.18-a0-1471-gbbaf034 to 0.18-a0-1484-g95ebbe1
 11093 | Lair:5   | Noticed a death yak
 11094 | Lair:5   | Received a gift from Trog
 11095 | Lair:5   | Noticed a death yak
 11096 | Lair:5   | Noticed a death yak
 11098 | Lair:5   | Noticed a death yak
 11113 | Lair:4   | Killed a death yak
 11228 | Lair:4   | Killed a death yak
 11228 | Lair:4   | Reached XP level 13. HP: 94/122 MP: 3/12
 11449 | Lair:5   | Gained mutation: You are resistant to hostile enchantments. [potion of mutation]
 11449 | Lair:5   | Gained mutation: You tend to lose your temper in combat. [potion of mutation]
 11449 | Lair:5   | Gained mutation: Your flesh is heat resistant. [potion of mutation]
 11999 | Lair:6   | Found a staircase to the Swamp.
 12157 | Lair:6   | Reached skill level 5 in Long Blades
 12379 | Lair:7   | Reached ****** piety under Trog
 12813 | Lair:7   | Received a gift from Trog
 12998 | Lair:7   | Found a staircase to the Slime Pits.
 12999 | Lair:7   | Found a viscous altar of Jiyva.
 13247 | Lair:8   | Entered Level 8 of the Lair of Beasts
 13321 | Lair:8   | Received a gift from Trog
 13321 | Lair:8   | Reached skill level 17 in Axes
 13663 | Lair:8   | Reached XP level 14. HP: 124/133 MP: 4/13
 13663 | Lair:8   | Reached skill level 15 in Fighting
 13906 | Lair:8   | Received a gift from Trog
 14394 | Lair:5   | Upgraded the game from 0.18-a0-1484-g95ebbe1 to 0.18-a0-1496-g27d3123
 14641 | Orc:1    | Entered Level 1 of the Orcish Mines
 14703 | Orc:2    | Entered Level 2 of the Orcish Mines
 14750 | Orc:2    | Noticed Maurice
 14757 | Orc:2    | Received a gift from Trog
 14758 | Orc:2    | Noticed an orc warlord
 14765 | Orc:2    | Killed Maurice
 14766 | Orc:2    | Reached skill level 18 in Axes
 14770 | Orc:2    | Killed an orc warlord
 14773 | Orc:2    | Found Baytu's Antique Armour Boutique.
 14780 | Orc:2    | Found a staircase to the Elven Halls.
 15027 | Orc:2    | Got an ichor-stained great sword {god gift}
 15028 | Orc:2    | Identified the +4 great sword of Hean {antimagic, rElec} (Trog gifted it to you on level 2 of the Orcish Mines)
 15360 | Orc:2    | Found Rupem's Antique Weapon Boutique.
 15423 | Orc:2    | Noticed Potsanchik's ghost (journeyman HEAE)
 15435 | Orc:2    | Killed Potsanchik's ghost
 15472 | Orc:2    | Found Hecuivuqoh's Jewellery Emporium.
 15493 | Orc:2    | Noticed Azrael
 15499 | Orc:2    | Noticed Josephine
 15502 | Orc:2    | Killed Azrael
 15503 | Orc:2    | Killed Josephine
 15776 | Orc:2    | Found Cogeliog's General Store.
 15818 | Orc:2    | Bought a scroll of identify for 22 gold pieces
 15964 | Orc:1    | Received a gift from Trog
 15964 | Orc:1    | Reached XP level 15. HP: 146/146 MP: 5/14
 16010 | Orc:1    | Noticed Urug
 16020 | Orc:1    | Killed Urug
 16277 | D:13     | Found a flagged portal.
 16289 | Bailey   | Entered a bailey
 16296 | Bailey   | Noticed an orc warlord
 16381 | Bailey   | Found a runed gate.
 16386 | Bailey   | Found a runed gate.
 16387 | Bailey   | Found a runed gate.
 16482 | Bailey   | Killed an orc warlord
 16510 | Bailey   | Gained mutation: You are somewhat resistant to further mutation. [potion of beneficial mutation]
 16520 | Bailey   | Reached XP level 16. HP: 140/155 MP: 6/15
 16538 | D:13     | Found a gate to the Vaults.
 16672 | D:13     | Received a gift from Trog
 17090 | D:14     | Found Unaonuenu's Distillery.
 17091 | D:14     | Found Seratt's Jewellery Shoppe.
 17098 | D:14     | Bought 2 potions of heal wounds for 110 gold pieces
 17098 | D:14     | Bought a potion of heal wounds for 55 gold pieces
 17098 | D:14     | Bought a potion of agility for 44 gold pieces
 17116 | D:14     | Bought a potion of might for 44 gold pieces
 17116 | D:14     | Bought a potion of resistance for 110 gold pieces
 17251 | D:14     | Found Omiam's Book Emporium.
 17442 | D:14     | Found Goesunolo's Pet Rocks.
 17447 | D:14     | Reached skill level 19 in Axes
 17677 | D:15     | Entered Level 15 of the Dungeon
 17773 | D:15     | Received a gift from Trog
 17798 | D:15     | Reached skill level 5 in Throwing
 18358 | D:15     | Found a blossoming altar of Fedhas.
 18456 | D:15     | Found a staircase to the Depths.
 18482 | Depths:1 | Entered Level 1 of the Depths
 18543 | D:15     | Upgraded the game from 0.18-a0-1496-g27d3123 to 0.18-a0-1507-g69458e0
 18800 | Spider:1 | Entered Level 1 of the Spider Nest
 18894 | Spider:2 | Received a gift from Trog
 18941 | Spider:4 | Entered Level 4 of the Spider Nest
 19019 | Spider:4 | Received a gift from Trog
 19427 | Spider:4 | Reached skill level 10 in Long Blades
 20199 | Spider:4 | Received a gift from Trog
 20218 | Spider:4 | Reached XP level 17. HP: 166/166 MP: 1/16
 20336 | Spider:4 | Got a gossamer rune of Zot
 20661 | Swamp:1  | Entered Level 1 of the Swamp
 20672 | Lair:6   | Received a gift from Trog
 21140 | Swamp:2  | Reached skill level 20 in Axes
 21668 | Swamp:4  | Entered Level 4 of the Swamp
 22484 | Swamp:4  | Received a gift from Trog
 22735 | Swamp:3  | Noticed Aizul
 23451 | Swamp:3  | Killed Aizul
 23511 | Swamp:4  | HP: 12/255 [five-headed hydra (4)]
 23511 | Swamp:4  | HP: 3/255 [five-headed hydra (3)]
 23959 | Swamp:4  | Got a decaying rune of Zot
 24193 | Lair:7   | Upgraded the game from 0.18-a0-1507-g69458e0 to 0.18-a0-1514-g6ed9364
 24194 | Slime:1  | Entered Level 1 of the Pits of Slime
 24205 | Slime:1  | Received a gift from Trog
 24462 | Slime:2  | Received a gift from Trog
 24505 | Slime:2  | Reached XP level 18. HP: 153/178 MP: 6/17
 24598 | Slime:1  | Reached skill level 21 in Axes
 25119 | Slime:3  | Received a gift from Trog
 25776 | Slime:6  | Entered Level 6 of the Pits of Slime
 26275 | Slime:6  | Reached skill level 15 in Armour
 26284 | Slime:5  | Reached skill level 1 in Invocations
 26633 | Slime:6  | Received a gift from Trog
 26900 | Slime:6  | Noticed the Royal Jelly
 27186 | Slime:6  | HP: 4/179 [azure jelly[the Royal Jelly] (8)]
 27186 | Slime:6  | Mangled by an azure jelly

Vault maps used:
D:1:      tarquinn_simple_flora_water_e, serial_bayou_pond_c,
          hangedman_abyss_or_decor_stabs, st_stairs_1
D:2:      first_bread, uniq_iyjb
D:3:      uniq_purgy
D:4:      corexii_shack_village, uniq_grinder
D:5:      nicolae_overflow_crystal_walls, nicolae_overflow_hidden_temple,
          marbit_many_paths, minmay_temple_entry_glass, basic_altar,
          uniq_blork_the_orc
D:6:      serial_shops, nicolae_shop_behind_doors, interstate_on_off,
          minmay_strange_pillars, hangedman_abyss_or_decor_lesser_grid,
          grunt_ministairs_15, serial_bayou_lagoon_a
D:7:      lemuel_doored_altar
D:8:      serial_shops, nicolae_shop_scaring_up_business, uniq_erica
D:9:      lemuel_flame_loot_2, lair_0_dummy, the_bakery, minivault_8,
          uniq_erolcha
D:10:     gammafunk_pakellas_spire_experiment
D:12:     minmay_orc_entry_guard_dogs, minmay_liquid_box, uniq_nergalle
D:13:     david_vaults_2, enter_bailey_3, minmay_misc_feat_pillars,
          hangedman_decor_peaks_small, kennysheep_small_circle
D:14:     serial_shops, shop, shop, nicolae_shop_window_shopping,
          wad_floor_pattern_1, guppyfry_shop_earth
D:15:     grunt_enter_depths_hoard, fedhas_altar_fruit_tree, spider_trap,
          minmay_misc_feat_iff, nicolae_lava_and_water
Temple:   lightli_temple_of_artemis
Lair:1:   special_room, lemuel_fruit_fields, uniq_fannar, uniq_sonja,
          uniq_gastronok, uniq_harold
Lair:2:   lemuel_fruit_tree
Lair:3:   spider_nest_entry_web_field, minmay_hedge_maze, patterned_corridor,
          uniq_maud
Lair:4:   basic_altar
Lair:5:   serial_bayou_shore_b, infiniplex_staircase_pool_2, grunt_megastairs_4
Lair:6:   minmay_swamp_entry_worms
Lair:7:   boulder_quad_collide, slime_altar_1
Lair:8:   minmay_lair_end_frog_pond, serial_bayou_pond_c
Swamp:1:  hangedman_swamp_blocks
Swamp:2:  evilmike_swamp_ruin_rubble_1, swamp_pool1, roderic_carrion_pond
Swamp:3:  serial_swamp_ruin, evilmike_swamp_ruin_house_2,
          evilmike_swamp_ruin_rubble_2, evilmike_swamp_ruin_house_1, uniq_aizul
Swamp:4:  swamp_basic_johnstein, swamp_pool1
Spider:1: nicolae_looking_at_the_future, uniq_nikola
Spider:4: spider_rune_water
Slime:1:  nicolae_slime_jelly_donut
Orc:1:    uniq_urug
Orc:2:    grunt_orc_gardens, grunt_orc_garden, grunt_orc_garden,
          grunt_orc_garden, grunt_orc_garden, uniq_maurice, uniq_josephine,
          uniq_azrael
Depths:1: enter_ziggurat_a, pf_hell_entry_tar_spiral, grunt_pan_entry_spiral,
          minmay_misc_feat_secret_circle, nrook_mini_backslash,
          hangedman_corner_corridor
Abyss:1:  hangedman_decor_peaks_small
Bailey:   bailey_axe_bossmonster_kennysheep, bailey

Skill      XL: |  1  2  3  4  5  6  7  8  9 10 11 12 13 14 15 16 17 18 |
---------------+-------------------------------------------------------+-----
Axes           | 4 5 6 8 11 12 14 16 17 18 19 20 21 | 21.6
Fighting       | 4 5 6 7 9 10 11 13 14 16 17 18 20 | 20.9
Armour         | 3 4 5 7 8 10 11 12 13 14 15 | 15.1
Dodging        | 3 4 5 6 7 8 |  8.4
Stealth        | 1 2 |  2.6
Throwing       | 1 3 4 5 6 7 |  7.5
Shields        | 2 3 |  3.4
Long Blades    | 4 6 8 10 11 12 | 12.5
Invocations    | 1 |  1.5

Action                   |  1- 3 |  4- 6 |  7- 9 | 10-12 | 13-15 | 16-18 || total
-------------------------+-------+-------+-------+-------+-------+-------++-------
Melee: Hand axe          |    84 |   133 |   315 |   182 |       |       ||   714
       Broad axe         |       |       |       |   163 |       |       ||   163
       Long sword        |       |       |       |   112 |    71 |       ||   183
       Executioner's axe |       |       |       |     3 |   388 |   728 ||  1119
       Great sword       |       |       |       |       |    24 |       ||    24
Throw: Tomahawk          |       |       |     4 |    14 |    24 |   178 ||   220
       Javelin           |       |       |       |    21 |     2 |    38 ||    61
Invok: Berserk           |     1 |     1 |     2 |     2 |     2 |    13 ||    21
       Burn Spellbooks   |       |       |     1 |     2 |     1 |       ||     4
       Trog's Hand       |       |       |     1 |     2 |       |       ||     3
       Brothers in Arms  |       |       |     1 |     4 |     1 |    11 ||    17
Evoke: Wand              |       |       |       |     6 |       |     7 ||    13
  Use: Scroll            |     1 |     7 |     6 |    17 |    16 |     9 ||    56
       Potion            |       |       |     2 |     4 |     6 |     7 ||    19
  Eat: Bread ration      |       |     2 |       |     4 |     5 |     6 ||    17
       Beef jerky        |       |       |     2 |       |     1 |     1 ||     4
       Meat ration       |       |       |     2 |       |       |     3 ||     5
       Fruit             |       |       |     2 |     2 |     3 |    11 ||    18
       Pizza             |       |       |     1 |     1 |       |     1 ||     3
